 Dungeon Crawl Stone Soup version 0.31-a0-851-g7ff8af7976 (webtiles) character file.

Game seed: 2599430981070731594

11919 LeprechaunX the Mimic (level 11, -1/70 HPs)
             Began as an Octopode Shapeshifter on Oct 5, 2023.
             Was an Elder of Hepliaklqana.
             Slain by a komodo dragon (15 damage)
             ... on level 11 of the Dungeon.
             The game lasted 00:26:28 (12983 turns).

LeprechaunX the Mimic (Octopode Shapeshifter)      Turns: 12983, Time: 00:26:28

Health: -1/70      AC:  5    Str: 18    XL:     11   Next: 85%
Magic:  0/15       EV: 16    Int: 12    God:    Hepliaklqana [****..]
Gold:   697        SH:  0    Dex: 18    Spells: 10/10 levels left

rFire   + .          .
                       - Unarmed
rCold   . . .        K - melded +0 buckler
rNeg    + . .        (helmet restricted)
rPois   .            F - amulet of guardian spirit
rElec   .            e - +4 ring of protection
rCorr   +            q - ring of protection from fire
SInv    .            x - ring of resist corrosion
Will    .....        E - ring of positive energy
Stlth   +++          L - +6 ring of dexterity
HPRegen 0.31/turn    (no ring)
MPRegen 0.14/turn    (no ring)
                     (no ring)

%: guardian spirit
@: blade tentacles
A: reduced essence, almost no armour, amphibious, 8 rings, camouflage 1,
gelatinous body 1, (nimble swimmer 1), tentacles
a: Begin Untransformation, Renounce Religion, Recall Ancestor, Ancestor
Identity, Transference, Idealise


You were on level 11 of the Dungeon.
You worshipped Hepliaklqana.
Hepliaklqana was greatly pleased with you.
You had blades for main tentacles.
You visited 2 branches of the dungeon, and saw 12 of its levels.
You also visited: Sewer.

You collected 697 gold pieces.

Inventory:

Hand Weapons
 a - a +0 shortbow
Missiles
 j - 17 boomerangs (quivered)
Armour
 K - a +0 buckler (melded)
Jewellery
 d - an amulet of faith
 e - a +4 ring of protection (left blade tentacle)
 q - a ring of protection from fire (right blade tentacle)
 x - a ring of resist corrosion (on tentacle)
 E - a ring of positive energy (on tentacle)
 F - an amulet of guardian spirit (around mantle)
 L - a +6 ring of dexterity (on tentacle)
Talismans
 b - a beast talisman
 c - a flux talisman
 m - a talisman of death
 I - a blade talisman (active)
Wands
 N - a wand of mindburst (4)
 R - a wand of polymorph (3)
Scrolls
 f - 4 scrolls of identify {unknown}
 h - 4 scrolls of amnesia {unknown}
 i - a scroll of vulnerability {unknown}
 k - a scroll of noise {unknown}
 n - a scroll of immolation {unknown}
 p - 2 scrolls of enchant weapon {unknown}
 r - 2 scrolls of enchant armour {unknown}
 s - 6 scrolls of revelation
 t - 3 scrolls of teleportation {unknown}
 u - 3 scrolls of fear {unknown}
 y - a scroll of silence {unknown}
 D - 3 scrolls of poison {unknown}
 J - a scroll of summoning {unknown}
 Q - a scroll of blinking {unknown}
Potions
 g - 3 potions of heal wounds
 l - 3 potions of curing
 o - 2 potions of might {unknown}
 v - 2 potions of magic {unknown}
 w - 4 potions of mutation {unknown}
 z - a potion of ambrosia {unknown}
 A - a potion of resistance {unknown}
 B - 2 potions of haste {unknown}
 C - a potion of berserk rage {unknown}
 G - a potion of lignification
 H - 2 potions of attraction {unknown}
 M - 2 potions of invisibility {unknown}
 O - a potion of enlightenment {unknown}
 P - a potion of degeneration {unknown}


   Skills:
 + Level 8.5 Fighting
 - Level 6.0 Dodging
 + Level 9.0 Unarmed Combat
 - Level 6.0 Invocations
 * Level 11.4 Shapeshifting


You had 10 spell levels left.
You didn't know any spells.
Your spell library contained the following spells:

 Spells                   Type           Power      Damage    Failure   Level
 Cigotuvi's Dreadful Rot  Necr/Pois/Air  0%         N/A       45%         2
 Gell's Gravitas          Tloc           0%         N/A       69%         3
 Ignite Poison            Fire/Tmut/Pois 0%         N/A       69%         3
 Teleport Other           Tloc           0%         N/A       69%         3
 Manifold Assault         Tloc           0%         N/A       97%         4
 Vhi's Electric Charge    Tloc/Air       0%         N/A       97%         4
 Arcjolt                  Conj/Air       0%         1d10      100%        5
 Freezing Cloud           Conj/Ice/Air   0%         6-21      100%        5
 Dispersal                Tloc           0%         N/A       100%        6
 Simulacrum               Ice/Necr       0%         N/A       100%        6
 Ozocubu's Refrigeration  Ice            0%         4d7       100%        7
 Disjunction              Tloc           0%         N/A       100%        8
 Maxwell's Capacitive Co  Air            0%         ∞         100%        8
 Polar Vortex             Ice            0%         N/A       100%        9


Dungeon Overview and Level Annotations

Branches:
Dungeon (11/15)            Temple (1/1) D:4            Lair (0/5) D:11
    Orc (0/2) D:11          Sewer (visited)

Altars:
Ashenzari
Cheibriados
Dithmenos
Elyvilon
Fedhas
Gozag
Hepliaklqana
Kikubaaqudgha
Makhleb
Nemelex Xobeh
Okawaru
Qazlal
Ru
Sif Muna
Trog
Uskayaw
Vehumet
Wu Jian
Xom
Yredelemnul
Zin
The Shining One

Shops:
D:1 (   D:3 ?

Portals:
Trove: D:11 (give 4 scrolls of blinking)

Annotations:
D:7 1 runed translucent door, PailKail's ghost, novice TrSh


Innate Abilities, Weirdness & Mutations

You have blades for main tentacles.
You are incapable of wielding weapons or throwing items.
Your life essence is reduced to manifest your ancestor. (-10% HP)
You cannot wear most types of armour.
You are amphibious.
You can wear up to eight rings at the same time.
Your skin changes colour to match your surroundings (Stealth+).
Your rubbery body absorbs attacks. (AC +1, EV +1)
((You are camouflaged when in or above water. (Stealth+)))
You have tentacles for arms and can constrict up to eight enemies at once.


Message History

The wyvern seems to slow down.
The komodo dragon bites you! The wyvern completely misses you.
Appia hits the wyvern but does no damage.
The komodo dragon bites Appia.
Unknown command.
You swap places.
Appia casts a spell at the wyvern.
The wyvern resists with some effort.
The wyvern barely misses Appia.
The komodo dragon bites you!!
You closely miss the wyvern.
The wyvern is lightly wounded.
Appia casts a spell at the wyvern.
The wyvern resists with some effort.
The wyvern closely misses Appia.
The komodo dragon misses you.
Unknown command.
You slice the wyvern!!
You kill the wyvern!
Appia hits the cyclops but does no damage.
Appia drains the cyclops.
Appia hits the cyclops with a +0 dagger of draining.
Unknown command.
You slice the cyclops!!
The cyclops is severely wounded.
The komodo dragon bites you but does no damage.
Appia hits the cyclops with a +0 dagger of draining.
Appia drains the cyclops.
Unknown command.
You hit the cyclops. Your slash misses the cyclops.
The cyclops is almost dead.
Appia hits the cyclops but does no damage.
The komodo dragon bites you!!
* * * LOW HITPOINT WARNING * * *
The cyclops barely misses you.
Appia hits the cyclops with a +0 dagger of draining!
The cyclops dies!
Your Unarmed Combat skill increases to level 9!
You slash the komodo dragon! x2; Your squeeze misses the komodo dragon.
The komodo dragon is severely wounded.
The komodo dragon bites you!
You die...

..#.....P.P..PPP.....P#
..###.†..P.P...P..P.#.# ##
.#####.).P.P..........##.....
#.
...##...............###......
#. #..................##
#.....l #.
###................# .......
#. ###.............## .......
#. #..............# ...C...
#. ##...........@#####..l....
#. ###.........Rl...........
#. ###.................... #.
##................... ## ####
#..##############... #.
##..#####.## #. #.
#.....#....### #.
##........#...## ##### ####
##........####..#####...#
#...


You could see the friendly Appia the hexer and a komodo dragon (ally target).

Vanquished Creatures
  A catoblepas (D:7)
  A two-headed ogre (D:10)
  An ugly thing (D:11)
  A komodo dragon (D:11)
  2 trolls
  Grinder (D:3)
  A shadow (D:10)
  A basilisk (D:11)
  2 wyverns
  8 yaks
  3 steam dragons
  An acid dragon (D:10)
  4 water moccasins
  2 orc warriors
  2 black bears
  3 ogres
  3 centaurs
  A kobold brigand (D:9)
  6 bullfrogs
  2 scorpions
  4 wights (D:9)
  5 killer bees (D:9)
  9 howler monkeys
  4 jellies
  6 orc priests
  A gnoll bouda (D:7)
  7 hounds
  An iguana (D:3)
  Natasha (thrice) (D:3)
  9 orc wizards
  7 gnolls
  10 adders
  4 river rats (Sewer)
  A shadow imp (D:7)
  4 white imps
  An ufetubus (D:6)
  2 worms
  4 dart slugs
  40 orcs
  13 ball pythons
  11 endoplasms
  7 giant cockroaches
  19 goblins
  6 hobgoblins
  11 jackals
  16 kobolds
  7 quokkas
  4 bats
  5 frilled lizards
  8 rats
275 creatures vanquished.

Vanquished Creatures (collateral kills)
  A boulder beetle (D:9)
  A cyclops (D:11)
  A troll (D:10)
  A vampire (D:10)
  3 yaks
  A wraith (D:11)
  2 water moccasins (D:11)
  2 black bears (D:11)
  A sky beast (D:7)
  An ogre (D:6)
  3 centaurs
  A kobold brigand (D:8)
  2 bullfrogs
  2 wights (D:7)
  5 killer bees (D:9)
  A howler monkey (D:7)
  A jelly (D:7)
  An orc priest (D:11)
  2 orc wizards
  An iguana (D:7)
  A shadow imp (D:8)
  A white imp (D:7)
  5 orcs
  6 kobolds
46 creatures vanquished.

Vanquished Creatures (others)
  2 ancestors (D:7)
  2 hexers
4 creatures vanquished.

Grand Total: 325 creatures vanquished

Notes
Turn   | Place    | Note
-------+----------+-------------------------------------------
     0 | D:1      | LeprechaunX the Octopode Shapeshifter began the quest for
                  | the Orb.
     0 | D:1      | Reached XP level 1. HP: 13/13 MP: 1/1
   102 | D:1      | Reached XP level 2. HP: 4/18 MP: 2/2
   249 | D:1      | Reached XP level 3. HP: 19/23 MP: 3/3
   637 | D:1      | Found Rojat's Weapon Shop.
   941 | D:2      | Reached XP level 4. HP: 23/29 MP: 4/4
  1850 | D:2      | Reached skill level 4 in Shapeshifting
  2096 | D:3      | Found Geej's Magic Scroll Shoppe.
  2104 | D:3      | Reached XP level 5. HP: 30/34 MP: 5/5
  2179 | D:3      | Noticed Grinder
  2189 | D:3      | Paralysed by Grinder for 3 turns
  2193 | D:3      | Killed Grinder
  2194 | D:3      | Reached XP level 6. HP: 10/41 MP: 6/6
  2250 | D:3      | Found a glowing drain.
  2275 | Sewer    | Entered a sewer
  2565 | Sewer    | Reached skill level 5 in Shapeshifting
  2602 | Sewer    | Reached XP level 7. HP: 38/46 MP: 7/7
  3241 | D:3      | Noticed Natasha
  3254 | D:3      | Killed Natasha
  3409 | D:3      | Noticed Natasha
  3420 | D:3      | Killed Natasha
  3470 | D:3      | Noticed Natasha
  3474 | D:3      | Killed Natasha
  4127 | D:4      | Found a staircase to the Ecumenical Temple.
  4137 | Temple   | Entered the Ecumenical Temple
  4141 | Temple   | Became a worshipper of Hepliaklqana the Forgotten
  4476 | D:4      | Reached XP level 8. HP: 51/54 MP: 8/8
  4626 | D:5      | Entered Level 5 of the Dungeon
  4704 | D:5      | Reached skill level 5 in Unarmed Combat
  4704 | D:5      | Reached skill level 6 in Shapeshifting
  5549 | D:5      | Found an opulent altar of Gozag.
  5583 | D:5      | Reached skill level 5 in Dodging
  5789 | D:6      | You fall into a shaft and drop 2 floors!
  5796 | D:8      | Reached * piety under Hepliaklqana
  5805 | D:8      | Reached skill level 1 in Invocations
  5805 | D:8      | Reached skill level 7 in Shapeshifting
  5977 | D:7      | Reached XP level 9. HP: 39/54 MP: 6/10
  6095 | D:7      | Reached skill level 5 in Fighting
  6326 | D:7      | Found a runed translucent door.
  6326 | D:7      | Found a shimmering altar of Xom.
  6326 | D:7      | Noticed a +1 spear of chaos
  6326 | D:7      | Noticed PailKail's ghost (novice TrSh)
  6537 | D:7      | Found a bloodstained altar of Trog.
  6541 | D:7      | Found a broken altar of Ashenzari.
  6541 | D:7      | Found a shimmering blue altar of Sif Muna.
  6560 | D:7      | Found a burning altar of Makhleb.
  6563 | D:7      | Found an ornate altar of the Wu Jian Council.
  6944 | D:7      | Reached skill level 8 in Shapeshifting
  7169 | D:7      | Reached ** piety under Hepliaklqana
  7170 | D:7      | Remembered your ancestor Appia as a hexer
  7295 | D:7      | Noticed a catoblepas
  7335 | D:7      | Killed a catoblepas
  7336 | D:7      | Reached XP level 10. HP: 14/61 MP: 1/13
  8593 | D:8      | Found an ancient bone altar of Kikubaaqudgha.
  8778 | D:8      | Reached skill level 9 in Shapeshifting
  9148 | D:8      | Found an iron altar of Okawaru.
  9155 | D:8      | Found a glowing silver altar of Zin.
  9158 | D:8      | Found a glowing golden altar of the Shining One.
  9159 | D:8      | Found a radiant altar of Vehumet.
  9160 | D:8      | Found a shadowy altar of Dithmenos.
  9445 | D:8      | Reached *** piety under Hepliaklqana
  9875 | D:9      | Reached skill level 5 in Invocations
 10283 | D:9      | Noticed a boulder beetle
 10333 | D:9      | Killed a boulder beetle
 10334 | D:9      | Reached XP level 11. HP: 45/67 MP: 11/15
 10430 | D:9      | Reached skill level 10 in Shapeshifting
 11015 | D:10     | Entered Level 10 of the Dungeon
 11025 | D:10     | Noticed a two-headed ogre
 11034 | D:10     | Killed a two-headed ogre
 11853 | D:11     | Found a staircase to the Lair.
 11889 | D:11     | Reached **** piety under Hepliaklqana
 11916 | D:11     | Noticed a green ugly thing
 11920 | D:11     | Reached skill level 11 in Shapeshifting
 11924 | D:11     | Killed a green ugly thing
 12102 | D:11     | Found a portal to a secret trove of treasure.
 12194 | D:11     | Found a staircase to the Orcish Mines.
 12778 | D:11     | Noticed a cyclops
 12982 | D:11     | Killed a cyclops
 12983 | D:11     | Slain by a komodo dragon

Illustrated notes

Levels and vault maps discovered:
D:1:      dpeg_arrival_stonehenge_8_columns, layout_basic, serial_forest,
          infiniplex_forest_end_3, infiniplex_forest_straight_3,
          infiniplex_forest_end_2, infiniplex_forest_lined_3, serial_shops,
          shop, chequers_serial_rivers_marsh, minmay_hexomino_f4
D:2:      layout_basic, minmay_misc_feat_room, grunt_ministairs_11
D:3:      layout_rooms, portal_sewer_entry_f, serial_shops, shop,
          minmay_fractal_squares_diagonal_5, uniq_grinder, uniq_natasha
D:4:      minmay_bubble_buster, layout_rooms, minmay_temple_entry_overgrown,
          serial_rivers, chequers_serial_rivers_room_a,
          chequers_serial_rivers_small_3, chequers_serial_rivers_small_b,
          chequers_serial_rivers_micro_c
D:5:      layout_loops_cross, grunt_gozag_breadcrumbs, minmay_liquid_box
D:6:      layout_loops_ring
D:7:      nzn_winding_woodlands_medium [nzn_winding_woodlands_5x5_perimeter,
          nzn_winding_woodlands_5x15_pool, nzn_winding_woodlands_5x5_default,
          nzn_winding_woodlands_5x5_checkerboard,
          nzn_winding_woodlands_center_diamonds,
          nzn_winding_woodlands_5x5_closed_star,
          nzn_winding_woodlands_5x5_three, nzn_winding_woodlands_5x15_parted,
          nzn_winding_woodlands_5x5_cross], layout_cave_pods,
          minmay_overflow_temple_star_hex, ebering_ghost_xom, kennysheep_nub
D:8:      layout_layer_cave, mainiacjoe_overflow_alcove_1, minitemple
D:9:      layout_roguey
D:10:     layout_basic
D:11:     layout_cave_pods, due_lair_maze_entry_diamond,
          minmay_orc_entry_temple_large, enter_trove_1, serial_rivers,
          chequers_serial_rivers_micro_a, chequers_serial_rivers_small_b,
          chequers_serial_rivers_micro_a, chequers_serial_rivers_room_a,
          chequers_serial_rivers_micro_e
Temple:   compressed_dpeg_circular_temple

Skill      XL: |  1  2  3  4  5  6  7  8  9 10 11 |
---------------+----------------------------------+-----
Fighting       | 2 3 4 6 7 8 |  8.5
Shapeshifting  | 4 5 7 8 9 11 | 11.4
Dodging        | 3 4 5 6 |  6.0
Unarmed Combat | 4 5 6 7 9 |  9.0
Invocations    | 1 4 5 6 |  6.0

Action                     |  1- 3 |  4- 6 |  7- 9 | 10-12 || total
---------------------------+-------+-------+-------+-------++-------
  Melee: Unarmed           |    81 |   111 |   249 |   247 ||   688
         Constrict         |    17 |    31 |    64 |    34 ||   146
         Tentacles         |    15 |    20 |    64 |    52 ||   151
         Punch             |     4 |     4 |    11 |    17 ||    36
   Fire: Shortbow          |       |       |    26 |       ||    26
  Throw: Boomerang         |       |     1 |     8 |    12 ||    21
 Invoke: Ancestor Life: He |       |       |     1 |       ||     1
         Recall Ancestor   |       |       |       |     1 ||     1
    Use: Potion            |       |       |     3 |     1 ||     4
         Scroll            |       |       |       |     1 ||     1
   Stab: Sleeping          |     2 |     4 |     6 |     2 ||    14
         Distracted        |       |       |     1 |     4 ||     5
         Confused          |       |       |       |    12 ||    12
 Armour: Skin              |    32 |    46 |   148 |   134 ||   360
  Dodge: Dodged            |    35 |    46 |   129 |   138 ||   348
  Block: Buckler           |       |       |       |    11 ||    11
   Form: Blade             |       |       |       |     1 ||     1

Table legend: (Time is in decaauts)
 A = Elapsed time spent in this place.
 B = Non-inter-level travel time spent in this place.
 C = Inter-level travel time spent in this place.
 D = Time resting spent in this place.
 E = Time spent auto-exploring this place.
 F = Levels seen in this place.
 G = Mean time per level.
                   A        B        C        D        E       F      G
               +--------+--------+--------+--------+--------+-----+--------+
         Total |  12928 |  12263 |    665 |   1129 |   9138 |  13 |  994.5 |
       Dungeon |  12244 |  11585 |    659 |   1063 |   8731 |  11 | 1113.1 |
        Temple |      8 |      2 |      6 |      0 |      0 |   1 |    8.0 |
         Sewer |    674 |    674 |      0 |     66 |    407 |   1 |  674.0 |
               +--------+--------+--------+--------+--------+-----+--------+

Top non-repeatable levels by time:
     D:7: 1813 daAuts
     D:8: 1528 daAuts
    D:11: 1252 daAuts
     D:2: 1213 daAuts
     D:9: 1169 daAuts
     D:5: 1118 daAuts
     D:3: 1089 daAuts
     D:1: 875 daAuts
     D:6: 743 daAuts
     D:4: 739 daAuts
    D:10: 702 daAuts
   Sewer: 674 daAuts
  Temple: 8 daAuts
